 Dungeon Crawl Stone Soup version 0.18-a0-662-gcaceebc (webtiles) character file.

555 GeneralIdiocy the Insei (level 7, 0/52 HPs)
             Began as a Demonspawn Monk on Dec 6, 2015.
             Slain by Sigmund
             ... wielding a +1 scythe of venom
              (4 damage)
             ... on level 3 of the Dungeon.
             The game lasted 00:09:17 (4177 turns).

GeneralIdiocy the Insei (Demonspawn Monk)           Turns: 4177, Time: 00:09:18

Health: 0/52       AC:  6    Str: 11    XL:     7   Next: 8%
Magic:  10/10      EV: 13    Int: 11    God:
Gold:   91         SH:  0    Dex: 18    Spells: 0 memorised, 6 levels left

rFire  . . .     SeeInvis .       - Unarmed
rCold  + . .     Clarity  .     m - +1 ring mail
rNeg   . . .     SustAt   +     (no shield)
rPois  .         Gourm    .     (no helmet)
rElec  .         Spirit   .     (no cloak)
rCorr  .         Dismiss  .     (no gloves)
rMut   .         Stasis   .     (no boots)
MR     .....                    d - amulet of rage
Stlth  +.........               n - ring of protection from cold
                                c - ring of sustain attributes

@: lethally poisoned (0 -> -25), exhausted, slowed, very slow, not resistant to
hostile enchantments, very unstealthy
A: repulsion field 1, demonic guardian 1, powered by pain 1
a: Evoke Berserk Rage


You were on level 3 of the Dungeon.
You were hungry.

You visited 1 branch of the dungeon, and saw 3 of its levels.
You also visited: Sewer.

You collected 91 gold pieces.

Inventory:

Armour
 m - a +1 ring mail (worn)
Jewellery
 c - a ring of sustain attributes (left hand)
 d - an amulet of rage (around neck)
 n - a ring of protection from cold (right hand)
Scrolls
 a - 2 scrolls of remove curse {unknown}
 h - a scroll of blinking {unknown}
 i - 3 scrolls of fear {unknown}
 j - a scroll of enchant weapon {unknown}
 q - a scroll of random uselessness {unknown}
 r - 2 scrolls of recharging {unknown}
 s - 2 scrolls of fog {unknown}
 u - a scroll of teleportation
Potions
 e - 2 potions of magic
 k - 3 potions of heal wounds
 o - 3 potions of curing
 p - 3 potions of haste
Comestibles
 b - 4 bread rations
 f - a meat ration


   Skills:
 - Level 3.0 Fighting
 - Level 2.6 Dodging
 - Level 1.7 Stealth
 + Level 6.1 Unarmed Combat
 + Level 5.0 Evocations


You had 6 spell levels left.
You didn't know any spells.

Dungeon Overview and Level Annotations

Branches:
Dungeon (3/15)

Altars:
Nemelex Xobeh

Annotations:
D:3 Sigmund


Innate Abilities, Weirdness & Mutations

You are surrounded by a mild repulsion field (EV +2).
A weak demonic guardian rushes to your aid.
You sometimes gain a little power by taking damage.


Message History

You are more poisoned.
You miss something.
You feel very sick. Something hits you but does no damage.
You are more poisoned.
You closely miss something.
* * * LOW HITPOINT WARNING * * *
You feel very sick.
You feel less confused.
* * * LOW HITPOINT WARNING * * *
You feel very sick. Something barely misses you.
* * * LOW HITPOINT WARNING * * *
You feel very sick.
You hear some strange, mumbled words.
A puff of flame appears from out of thin air!
The puff of flame hits you!
* * * LOW HITPOINT WARNING * * *
Something hits you.
You die...

####.#.#####.#.....
#.#.......#.....
#.#########....>
#.##......)#.##.
####.##.......#.##.
#.......<.....#.##.
#.##.##.........##.
##.##.##.......#....
#({@..##.......####.
#..#####.......# ##.
#(.......####### #..
#.######## ##. #. #.
#. #. .# ... # ####


There were no monsters in sight!

Vanquished Creatures
  The ghost of jejorda2 the Stinger, an amateur TeVM (D:3)
  A giant frog (Sewer)
  A worker ant zombie (D:2)
  3 gnolls (D:3)
  A hound skeleton (D:2)
  7 river rats
  11 adders
  An adder skeleton (D:2)
  An adder zombie (D:2)
  A worm (D:3)
  2 giant geckos
  5 orcs (D:3)
  12 ball pythons
  2 bat skeletons (D:2)
  2 bat zombies (D:2)
  6 giant cockroaches
  6 goblins
  8 hobgoblins
  5 kobolds
  A quokka (D:3)
  A ball python zombie (D:2)
  9 bats
  A giant cockroach zombie (D:2)
  6 giant newts
  5 jackals
  A jackal skeleton (D:2)
  25 rats
125 creatures vanquished.

Vanquished Creatures (collateral kills)
  A giant frog (Sewer)
  An orc wizard (D:3)
  A river rat (D:3)
  An orc (D:3)
  A ball python (Sewer)
  A giant newt (Sewer)
  3 rats
9 creatures vanquished.

Grand Total: 134 creatures vanquished

Notes
Turn   | Place    | Note
--------------------------------------------------------------
     0 | D:1      | GeneralIdiocy the Demonspawn Monk began the quest for the Orb.
     0 | D:1      | Reached XP level 1. HP: 18/18 MP: 1/1
   321 | D:1      | Reached skill level 4 in Unarmed Combat
   347 | D:1      | Gained mutation: You sometimes gain a little power by taking damage. [demonic ancestry]
   347 | D:1      | Reached XP level 2. HP: 24/24 MP: 2/2
   566 | D:1      | Reached skill level 1 in Evocations
   902 | D:2      | Reached XP level 3. HP: 24/29 MP: 3/3
  1360 | D:2      | Gained mutation: A weak demonic guardian rushes to your aid. [demonic ancestry]
  1360 | D:2      | Reached XP level 4. HP: 32/35 MP: 5/5
  1517 | D:2      | Found a sparkling altar of Nemelex Xobeh.
  2099 | D:3      | Reached skill level 5 in Unarmed Combat
  2167 | D:3      | Found a glowing drain.
  2178 | D:3      | Reached XP level 5. HP: 28/41 MP: 7/7
  2289 | Sewer    | Entered a sewer
  2906 | Sewer    | Reached XP level 6. HP: 26/47 MP: 8/8
  4007 | D:3      | Noticed jejorda2's ghost (amateur TeVM)
  4023 | D:3      | Killed jejorda2's ghost
  4023 | D:3      | Reached skill level 6 in Unarmed Combat
  4023 | D:3      | Reached skill level 5 in Evocations
  4023 | D:3      | Gained mutation: You are surrounded by a mild repulsion field (EV +2). [demonic ancestry]
  4023 | D:3      | Reached XP level 7. HP: 52/52 MP: 10/10
  4149 | D:3      | Noticed Sigmund
  4177 | D:3      | Slain by Sigmund

Vault maps used:
D:1:      dpeg_arrival_short_road
D:2:      nicolae_overflow_hidden_temple, first_bread, serial_undead,
          serial_undead_a, serial_undead_d, serial_undead_f, serial_undead_f
D:3:      gammafunk_temple_overflow_pools, portal_sewer_entry_b, uniq_sigmund
Sewer:    sewer_minmay_w

Action                   |  1- 3 |  4- 6 |  7- 9 || total
-------------------------+-------+-------+-------++-------
Melee: Unarmed           |   122 |   309 |    37 ||   468
Throw: Throwing net      |       |     2 |     2 ||     4
 Abil: Evoke Berserk Rag |       |     8 |     1 ||     9
  Use: Scroll            |       |    11 |       ||    11
       Potion            |       |     4 |     2 ||     6
 Stab: Sleeping          |     5 |       |       ||     5
       Distracted        |       |     3 |       ||     3
       Held in net/web   |       |     1 |       ||     1
  Eat: Chunk             |       |    13 |     1 ||    14
       Beef jerky        |       |     2 |       ||     2
